[Event "MČR v bleskovém šachu družstev 2019"]
[Site "Teplice, Czech Republic"]
[Date "2019.09.14"]
[Round "14.28"]
[White "Duran, Tomas"]
[Black "Day, Tobias"]
[Result "1-0"]
[TimeControl "3 mim. + 2 s"]
[BlackFideId "397709"]
[WhiteElo "2135"]
[BlackElo "1839"]

1. e4 c5 2. Nf3 g6 3. Be2 Bg7 4.
O-O Nc6 5. c3 d5 6. exd5 Qxd5 7.
Na3 Nf6 8. d3 O-O 9. h3 Rd8 10. Qc2 Bf5 11. Rd1 a6 12. Be3 b5 13. c4 bxc4 14. Qxc4 Qxc4 15. Nxc4 Nd4 16. Bxd4 cxd4 17.
Nfe5 Rac8 18. Bf3 Be6 19. b3 Nd5 20. Bxd5 Bxd5 21. Nf3 Bxf3 22. gxf3 Rc5 23. Re1 e6 24. Kf1 Rh5 25. Kg2 Rg5+ 26. Kf1 Rf5 27. Ke2 Bh6 28. Rad1 Rh5 29. Rh1 Rf5 30. h4 Rf4 31. Rdg1 Kf8 32. Rg4 Rf5 33. h5 g5 34. Rc1 Ke7 35. Na5 Kf6 36.
Rc7 Rxa5 37. a4 Rad5 38. Rg1 Re5+ 39. Kd1 Rb8 40. Kc2 Re2+ 41. Kd1 Rb2 1-0

[Event "MČR v bleskovém šachu družstev 2019"]
[Site "Teplice, Czech Republic"]
[Date "2019.09.14"]
[Round "15.1"]
[White "Sprenar, Petr"]
[Black "Kociscak, Jiri"]
[Result "1-0"]
[TimeControl "3 mim. + 2 s"]
[BlackTitle "IM"]
[WhiteFideId "397164"]
[BlackFideId "322121"]
[WhiteElo "2173"]
[BlackElo "2417"]

1. d4 d5 2. c4 e6 3. Nf3 c5 4. g3 Nc6 5. Bg2 Nf6 6. O-O Be7 7. dxc5 Bxc5 8.
cxd5 exd5 9. a3 a6 10. b4 Ba7 11. Bb2 O-O 12. Nd4 Ne5 13. Ne6 fxe6 14. Bxe5 Ng4 15. Bd4 Nxf2 16. Qd2 Ne4 17.
Rxf8+ Qxf8 18. Bxe4 Qf6 19. Bxa7 Qxa1 20. Bd4 Qxd4+ 21. Qxd4 dxe4 22. Qd8+ Kf7 23. Nc3 b5 24. Nxe4 1-0

[Event "MČR v bleskovém šachu družstev 2019"]
[Site "Teplice, Czech Republic"]
[Date "2019.09.14"]
[Round "15.2"]
[White "Polak, Tomas"]
[Black "Lorenc, Tomas"]
[Result "1-0"]
[TimeControl "3 mim. + 2 s"]
[WhiteTitle "GM"]
[WhiteFideId "300560"]
[BlackFideId "313203"]
[WhiteElo "2510"]
[BlackElo "2094"]

1. d4 Nf6 2. c4 c5 3. d5 b5 4. cxb5 a6 5. bxa6 Bxa6 6. Nc3 d6 7. g3 Nbd7 8. Bg2 g6 9. Nf3 Bg7 10.
O-O O-O 11. Rb1 Qa5 12. Qc2 Rfb8 13. Rd1 Ng4 14. Bd2 Nge5 15. Nxe5 Nxe5 16. b3 c4 17. b4 Qa3 18. b5 Bc8 19.
b6 Bf5 20. e4 Bg4 21. Rf1 Nf3+ 22. Bxf3 Bxf3 23. Rb2 Bxc3 24. Bxc3 Bxe4 25. Qd2 Qc5 26. b7 Ra6 27. Re1 Qxd5 28. Qxd5 Bxd5 29. Rxe7 Ra7 30. Re8+ Rxe8 31. b8=Q Rae7 32. Qb4 1-0

[Event "MČR v bleskovém šachu družstev 2019"]
[Site "Teplice, Czech Republic"]
[Date "2019.09.14"]
[Round "15.3"]
[White "Spicka, Jan"]
[Black "Stocek, Jiri"]
[Result "0-1"]
[TimeControl "3 mim. + 2 s"]
[BlackTitle "GM"]
[WhiteFideId "366781"]
[BlackFideId "304760"]
[WhiteElo "1930"]
[BlackElo "2505"]

1. e4 d6 2. d4 Nf6 3. Nc3 g6 4. Be3 a6 5. f3 b5 6. a3 Nbd7 7. Bd3 Bb7 8.
Nge2 c5 9. dxc5 dxc5 10. Ng3 h5 11. O-O h4 12. Nh1 c4 13. Be2 e5 14. Nf2 Qc7 15. Nh3 Bc5 16. Bxc5 Nxc5 17. Qd2 Ne6 18. Qe3 Qc5 19. Qxc5 Nxc5 20.
Rad1 Ke7 21. a4 Bc6 22. axb5 axb5 23. Ra1 Ne6 24. b3 Nd4 25. bxc4 b4 26. Nd5+ Bxd5 27. exd5 Nxe2+ 28. Kf2 Nd4 29. f4 Ng4+ 30. Kg1 Ne3 31.
Rxa8 Rxa8 32. Re1 Ndxc2 0-1

[Event "MČR v bleskovém šachu družstev 2019"]
[Site "Teplice, Czech Republic"]
[Date "2019.09.14"]
[Round "15.4"]
[White "Vymazal, Bronislav"]
[Black "Srba, Stanislav"]
[Result "1-0"]
[TimeControl "3 mim. + 2 s"]
[WhiteFideId "318396"]
[BlackFideId "364720"]
[WhiteElo "2309"]
[BlackElo "1883"]

1. e4 e6 2. d4 d5 3. exd5 exd5 4. c4 Nf6 5. Nc3 Be6 6. Nge2 g6 7. Nf4 Bg7 8. cxd5 Bxd5 9. Nfxd5 Nxd5 10. Qb3 Nxc3 11. bxc3 Qe7+ 12.
Be2 c6 13. Ba3 Qd7 14. O-O Bf8 15. Rfe1 Kd8 16. Bg4 Qxg4 17. Bxf8 Rxf8 18. Qxb7 Qc8 19. Qe7# 1-0

[Event "MČR v bleskovém šachu družstev 2019"]
[Site "Teplice, Czech Republic"]
[Date "2019.09.14"]
[Round "15.5"]
[White "Vykouk, Jan"]
[Black "Trepka, Jan"]
[Result "1/2-1/2"]
[TimeControl "3 mim. + 2 s"]
[WhiteTitle "IM"]
[BlackFideId "322814"]
[WhiteElo "2439"]
[BlackElo "2186"]

1. e4 c6 2. Nf3 d5 3.
Nc3 Bg4 4. h3 Bxf3 5. Qxf3 Nf6 6. d3 e6 7. Bd2 Be7 8. g3 O-O 9. Bg2 Re8 10. O-O Nbd7 11. Qe2 dxe4 12. dxe4 Qb6 13.
Rab1 Rad8 14. Be3 Qc7 15. f4 Bc5 16. e5 Nd5 17. Nxd5 cxd5 18. c3 Bxe3+ 19. Qxe3 Qb6 20. Qxb6 Nxb6 21. Rfd1 Rc8 22. Rd4 Rc5 23.
Bf1 Rec8 24. Rbd1 Nc4 25. Bxc4 Rxc4 26. Kf2 Kf8 27. Ke3 Ke7 28. Rxc4 Rxc4 29. Rd4 Rc7 30. Rb4 f6 31. a4 Kd7 32. Kd3 Kc6 33. Rd4 Rf7 34.
Ke3 a6 35. exf6 gxf6 36. Rd1 b5 37. axb5+ axb5 38. Ra1 e5 39. Ra6+ Kc5 40. b4+ Kc4 41. Rc6+ Kb3 42. Rc5 d4 43.
cxd4 exd4 44. Kxd4 Kxb4 45. Rc8 Kb3 46. Kd5 b4 47. Ke6 Rb7 48.
Kxf6 Ka2 49. f5 b3 50.
g4 b2 51. Rc2 Kb3 52. Rxb2+ Kxb2 53. g5 Kc3 54. h4 Kd4 55. h5 Rb6+ 56. Kg7 Rb7+ 57. Kf6 Rb6+ 58. Kg7 Rb7+ 59. Kf6 Ke5+ 1/2-1/2

[Event "MČR v bleskovém šachu družstev 2019"]
[Site "Teplice, Czech Republic"]
[Date "2019.09.14"]
[Round "15.6"]
[White "Ruzicka, Ales"]
[Black "Studnicka, Tomas"]
[Result "0-1"]
[TimeControl "3 mim. + 2 s"]
[BlackTitle "IM"]
[WhiteFideId "325252"]
[WhiteElo "2102"]
[BlackElo "2215"]

1. e4 e5 2. Nf3 Nf6 3.
d4 Nxe4 4. Bd3 d5 5. dxe5 Nc5 6. Be2 Be7 7. O-O O-O 8. Bf4 c6 9. c4 dxc4 10. Bxc4 Be6 11. Bxe6 Nxe6 12. Be3 Nd7 13.
Nc3 Qc7 14. Bd4 Rad8 15. Be3 Nxe5 16. Qe2 Nxf3+ 17. Qxf3 Bc5 18. Rfe1 Bxe3 19. Rxe3 Rd2 20. Rb1 Rfd8 21. g3 Qb6 22. b3 Qd4 23. Kg2 h6 24. h4 a5 25.
a4 Qb4 26. Ne4 R2d4 27. Rbe1 b5 28. axb5 cxb5 29. R1e2 a4 30.
bxa4 bxa4 31. Rc3 Rc4 32. Rxc4 Qxc4 33.
Qe3 Qc6 34. Kh2 Ra8 35. Ra2 Qd5 36. Ra3 Qb5 37. f3 Qb2+ 38. Kh3 Qc2 39. Rc3 Qd1 40. Rd3 Qb1 41. Nd6 Qb8 42. Qe5 a3 43. Qf5 Qf8 44. Rd1 a2 45. Ra1 Qxd6 0-1

[Event "MČR v bleskovém šachu družstev 2019"]
[Site "Teplice, Czech Republic"]
[Date "2019.09.14"]
[Round "15.7"]
[White "Cech, Pavel"]
[Black "Loskot, Petr"]
[Result "1-0"]
[TimeControl "3 mim. + 2 s"]
[WhiteTitle "IM"]
[BlackFideId "319570"]
[WhiteElo "2387"]
[BlackElo "2010"]

1. e4 e6 2. d4 d5 3. Nd2 a6 4.
Ngf3 c5 5. c3 Nc6 6. Bd3 cxd4 7.
cxd4 Nf6 8. e5 Nd7 9. O-O Be7 10. b3 f6 11. Bb2 O-O 12. Qb1 f5 13. a3 Kh8 14. Qd1 Qe8 15. Ne1 g5 16.
f4 g4 17. b4 Na7 18. Nb3 Nb6 19.
Rc1 Bd7 20. Nc5 Bxc5 21. dxc5 Na4 22. Ba1 Rc8 23. Nc2 Bb5 24. Nd4 Bxd3 25. Qxd3 Nb5 26. Nb3 b6 27. cxb6 Nxb6 28. Nc5 Nc4 29.
a4 Nc7 30. Bd4 Rb8 31. Rb1 Qc6 32.
h3 Rg8 33. h4 h5 34. g3 Rb6 35. Rb3 Rgb8 36. Rfb1 Qe8 37. Kh2 Qc6 38. Qc3 Qe8 39. Nd3 Qc6 40. Bxb6 1-0

[Event "MČR v bleskovém šachu družstev 2019"]
[Site "Teplice, Czech Republic"]
[Date "2019.09.14"]
[Round "15.8"]
[White "Meszaros, Ludek"]
[Black "Sodoma, Jan"]
[Result "0-1"]
[TimeControl "3 mim. + 2 s"]
[BlackTitle "IM"]
[WhiteFideId "308153"]
[WhiteElo "2070"]
[BlackElo "2193"]

1. e4 e5 2. Nf3 Nc6 3.
Bb5 a6 4. Ba4 Nf6 5. O-O Be7 6. Bxc6 dxc6 7. d3 Nd7 8. Nbd2 O-O 9. Nc4 f6 10.
Nh4 Nc5 11. Qf3 g6 12. Qg3 Rf7 13. f4 exf4 14. Bxf4 Bf8 15. Kh1 a5 16. Rad1 b5 17. Nd2 Ne6 18. Be3 Bd6 19. Qf2 a4 20.
Nhf3 c5 21. c3 Ba6 22. d4 cxd4 23. cxd4 b4 24. Rfe1 Nf4 25. Nf1 Nd3 26. Rxd3 Bxd3 27. Ng3 Bxg3 28. Qxg3 Bxe4 29. Nd2 Bd5 30. b3 axb3 31. axb3 Qd7 32.
h3 Re7 33. Kh2 Rae8 34. Bf2 Rxe1 35. Bxe1 Re2 0-1

[Event "MČR v bleskovém šachu družstev 2019"]
[Site "Teplice, Czech Republic"]
[Date "2019.09.14"]
[Round "15.9"]
[White "Babicka, Michal"]
[Black "Jirovsky, Milos"]
[Result "0-1"]
[TimeControl "3 mim. + 2 s"]
[BlackTitle "GM"]
[BlackFideId "303224"]
[WhiteElo "2076"]
[BlackElo "2499"]

1. c4 e6 2. b3 d5 3. cxd5
exd5 4. Bb2 Nf6 5. g3 Be7 6. Bg2 O-O 7. Nf3 c6 8.
O-O Re8 9. d4 Bf5 10. Nc3 Nbd7 11. Ne5 Bd6 12. Nxd7 Qxd7 13. Re1 Re6 14. e3 Rae8 15. a3 h5 16. h4 Ng4 17. Qd2 Rf6 18. Rf1 Bg6 19. Rae1 Rfe6 20. Nd1 Qe7 21. b4 Bf5 22. Re2 g5 23. hxg5 Qxg5 24. f4 Qg6 25. Bf3 Kh7 26. Bc1 Rg8 27. Rg2 Kg7 28. Bxg4 hxg4 29. Rh2 Kf8 30. Kf2 Be4 31. Nc3 Bf3 32. a4 Bxb4 33. Qb2 a5 34. Qb3 Qd3 0-1

[Event "MČR v bleskovém šachu družstev 2019"]
[Site "Teplice, Czech Republic"]
[Date "2019.09.14"]
[Round "15.10"]
[White "Sokolov, Alexander"]
[Black "Mach, Petr"]
[Result "1-0"]
[TimeControl "3 mim. + 2 s"]
[WhiteTitle "FM"]
[WhiteFideId "4119177"]
[WhiteElo "2417"]
[BlackElo "1961"]

1. e4 d5 2. exd5 Nf6 3. c4 e6 4. dxe6 Bxe6 5. d4 Bb4+ 6. Nc3 Qe7 7. Be3 Ne4 8.
Qc2 Bf5 9. Bd3 Nc6 10. Nge2 O-O-O 11. d5 Bxc3+ 12. bxc3 Na5 13. Qa4 b6 14. Nd4 Bd7 15. Qc2 Nd6 16. Qe2 Ne4 17. Rc1 Nc5 18.
O-O Nxd3 19. Qxd3 Qa3 20. Nb5 Bxb5 21. cxb5 Qxa2 22. c4 Qb3 23. Rc3 Qb4 24. Bd4 f6 25. Rb1 Qd6 26. g3 Kb8 27.
Rc2 Nb7 28. Ra2 Rhe8 29. Rba1 Na5 30. Bc3 Qc5 31. Bxa5 bxa5 32. Rxa5 h6 33. Kg2 Re5 34. R1a2 Rde8 35. Ra6 Re1 36.
Rc6 Qe7 37. d6 cxd6 38. Rxd6 Qc7 39. Rd7 Qb6 40. Ra6 Qc5 41. Rd8+ Rxd8 42. Qxd8+ Qc8 43. Qxc8+ Kxc8 44. Rxa7 Rc1 45. Rxg7 Rxc4 46. Rg6 Rb4 47. Rxf6 Rxb5 48. Rxh6 Kd7 49. Rf6 Ke7 50.
Rf4 Rh5 51. h4 Ke6 52. Kh3 Ke5 53. Rf3 Ke4 54. Re3+ Kf5 55. g4+ 1-0

[Event "MČR v bleskovém šachu družstev 2019"]
[Site "Teplice, Czech Republic"]
[Date "2019.09.14"]
[Round "15.11"]
[White "Kovar, Vojtech"]
[Black "Dolezal, Radoslav"]
[Result "0-1"]
[TimeControl "3 mim. + 2 s"]
[BlackTitle "IM"]
[BlackFideId "304735"]
[WhiteElo "2247"]
[BlackElo "2359"]

1. d4 Nf6 2. Nf3 e6 3.
g3 c5 4.
Bg2 Nc6 5. O-O b5 6. a4 b4 7. c4 cxd4 8. Nxd4 Bb7 9. Nxc6 Bxc6 10. Bxc6 dxc6 11. Qxd8+ Rxd8 12. Be3 a6 13. Nd2 Ng4 14. Nb3 Nxe3 15.
fxe3 Be7 16. Rfd1 Bf6 17. Rxd8+ Kxd8 18. Rd1+ Kc8 19. Rd2 Rd8 20. Rxd8+ Kxd8 21. Nd4 c5 22. Nb3 Bxb2 23. Nxc5 Bc3 24.
Kf2 Kc7 25. Ne4 Kc6 0-1

[Event "MČR v bleskovém šachu družstev 2019"]
[Site "Teplice, Czech Republic"]
[Date "2019.09.14"]
[Round "15.12"]
[White "Postupa, Pavel"]
[Black "Popper, Tomas"]
[Result "1-0"]
[TimeControl "3 mim. + 2 s"]
[WhiteFideId "326410"]
[WhiteElo "2184"]
[BlackElo "2088"]

1. e4 e5 2. Nf3 d6 3.
d4 exd4 4. Nxd4 Nf6 5. Nc3 c6 6. Be2 Be7 7. O-O O-O 8. Bf4 Re8 9. Bg3 Bf8 10. Bf3 Nbd7 11.
Re1 Ne5 12. b3 Nxf3+ 13. Nxf3 Bg4 14. Qd3 Qc7 15. h3 Bxf3 16. Qxf3 Rad8 17. Rad1 Qb6 18. Kh2 a5 19. Re3 Re6 20.
Bh4 Rde8 21. Bxf6 Rxf6 22. Qg3 Rg6 23. Qf3 Rf6 24. Qe2 Rfe6 25. Qd2 f5 26. exf5 Rxe3 27. fxe3 Qxe3 28. Qd3 d5 29. Qxe3 Rxe3 30. Rd3 Bd6+ 31.
Kg1 Re1+ 32. Kf2 Rc1 33. Kf3 Rxc2 34. g4 Bc5 35. h4 Kf7 36. g5 Rf2+ 37. Kg4 Bd6 38. h5 Rf4+ 39. Kh3 Rxf5 40. Ne2 Rxg5 41. Rf3+ Ke7 42.
Nd4 Rxh5+ 43. Kg2 Re5 44.
Nf5+ Kd7 45. Nxg7 Re2+ 46. Kf1 1-0

[Event "MČR v bleskovém šachu družstev 2019"]
[Site "Teplice, Czech Republic"]
[Date "2019.09.14"]
[Round "15.13"]
[White "Bujak, Michal"]
[Black "Bernasek, Jan"]
[Result "0-1"]
[TimeControl "3 mim. + 2 s"]
[BlackTitle "GM"]
[WhiteFideId "316318"]
[BlackFideId "311995"]
[WhiteElo "2120"]
[BlackElo "2526"]

1. e4 c5 2. Nf3 e6 3. c4 Nc6 4. Nc3 Nd4 5. d3 d6 6. Nxd4 cxd4 7. Ne2 e5 8. g3 h5 9. h4 Nh6 10. Bg5 Be7 11.
Bd2 Ng4 12. Bg2 g5 13. hxg5 Bxg5 14. Bxg5 Qxg5 15. f4 Qg7 16. Qd2 Ne3 17. Bf3 Bg4 18. Bxg4 hxg4 19. Kf2 O-O-O 20. Rac1 Rxh1 21.
Rxh1 Rh8 22. Qe1 Rh6 23. Kg1 Rxh1+ 24. Kxh1 Qh6+ 25. Kg1 Qh3 26. Qf2 f6 27. Nc1 Kd7 28. b4 Ke7 29. a4 exf4 30. gxf4 g3 0-1

[Event "MČR v bleskovém šachu družstev 2019"]
[Site "Teplice, Czech Republic"]
[Date "2019.09.14"]
[Round "15.16"]
[White "Kuba, Jindrich"]
[Black "Janocko, Petr"]
[Result "1-0"]
[TimeControl "3 mim. + 2 s"]
[WhiteTitle "FM"]
[WhiteFideId "318248"]
[BlackFideId "320099"]
[WhiteElo "2223"]
[BlackElo "2067"]

1. e4 c6 2. d4 d5 3. Nc3 dxe4 4. Nxe4 Bf5 5. Ng3 Bg6 6.
Nf3 Nd7 7. h4 h5 8. Bd3 Bxd3 9. Qxd3 e6 10. Bd2 Ngf6 11. O-O-O Bd6 12. Ne2 Qc7 13. Kb1 O-O-O 14. c4 c5 15.
Bc3 Rhe8 16. b3 a6 17. g3 cxd4 18. Nexd4 Nc5 19. Qc2 Nce4 20. Bb2 Bc5 21. Rhe1 e5 22. Nf5 Rxd1+ 23. Rxd1 Nxf2 24.
Nxg7 Nxd1 25. Nxe8 Nxe8 26. Qxd1 e4 27. Ne5 f6 28. Qxh5 Qe7 29. Qf5+ Kc7 30. Ng6 Qd6 31. Qxe4 Qd1+ 32. Bc1 Ba3 33. Qc2 Qd6 34. Nf4 Bxc1 35. Qxc1 Kb8 36. h5 f5 37. Qe3 Qd1+ 38. Kb2 Nc7 39. h6 Qh1 40. Nd5 Nxd5 41. cxd5 Qxd5 42. h7 Qh1 43. Qe5+ Ka7 44. h8=Q Qg2+ 45. Ka3 Qc2 46. Qd4+ 1-0

[Event "MČR v bleskovém šachu družstev 2019"]
[Site "Teplice, Czech Republic"]
[Date "2019.09.14"]
[Round "15.17"]
[White "Brejnik, Gustav"]
[Black "Rubes, Jan"]
[Result "1-0"]
[TimeControl "3 mim. + 2 s"]
[BlackTitle "FM"]
[WhiteFideId "362662"]
[BlackFideId "338176"]
[WhiteElo "2137"]
[BlackElo "2316"]

1. d4 Nf6 2. c4 e6 3. Nc3 Bb4 4. Qc2 d5 5. cxd5 exd5 6.
Bg5 c6 7. e3 Nbd7 8. Bd3 h6 9. Bh4 Be7 10. Nge2 Nf8 11. f3 Ne6 12. Rd1 O-O 13. O-O b6 14. Bf2 c5 15. Ng3 Re8 16.
Nf5 Bf8 17. Bb5 Bd7 18. Bxd7 Qxd7 19. dxc5 bxc5 20. Bh4 g5 21. Bg3 d4 22. Be5 Nd5 23. exd4 Nb4 24. Qf2 c4 25. Kh1 Nd3 26. Rxd3 cxd3 27. Ne4 Be7 28. Nxh6+ Kf8 29. Qd2 Nxd4 30. Qxd3 Qe6 31. Qxd4 Qxh6 32. Ng3 Rad8 33. Qc3 Qg6 34. Re1 Bd6 35. Bxd6+ Rxd6 36. Qh8+ Qg8 37. Rxe8+ 1-0

[Event "MČR v bleskovém šachu družstev 2019"]
[Site "Teplice, Czech Republic"]
[Date "2019.09.14"]
[Round "15.19"]
[White "Hoke, Petr"]
[Black "Kral, David"]
[Result "0-1"]
[TimeControl "3 mim. + 2 s"]
[WhiteFideId "305006"]
[BlackFideId "326097"]
[WhiteElo "1946"]
[BlackElo "2028"]

1. e4 c5 2. c3 Nc6 3. d3 e5 4. Nd2 d6 5. g3 f5 6. exf5 Bxf5 7. Ngf3 Nf6 8.
Nh4 Be6 9. Bg2 Be7 10. O-O O-O 11. Nhf3 h6 12. Ne4 d5 13. Nxf6+ Bxf6 14. Qe2 Qd6 15. h3 Rae8 16. c4 Nd4 17.
Nxd4 exd4 18. Bf4 Qd7 19. Qh5 dxc4 20. Be4 Bf7 21. Bg6 cxd3 22. Bxf7+ Qxf7 23. Qxc5 b6 24. Qa3 Qh5 25. Qxd3 Qxh3 26.
Rad1 h5 27. Qg6 Qg4 28. Qxg4 hxg4 29. Rd3 Re2 30. Rb1 g5 31. Bd6 Rd8 32. Ba3 Kf7 33. Rc1 Rd7 34. Kf1 Re6 35. b3 Kg6 36. Bb2 Red6 37. Rcd1 Kf5 38. Re1 Re6 39. Red1 Re4 40. Re1 Rxe1+ 41. Kxe1 Ke4 42. Ke2 Rc7 43. Rd2 d3+ 44.
Kd1 Bxb2 45. Rxb2 Rc2 46. Rxc2 dxc2+ 47. Kxc2 Kf3 0-1

[Event "MČR v bleskovém šachu družstev 2019"]
[Site "Teplice, Czech Republic"]
[Date "2019.09.14"]
[Round "15.21"]
[White "Liska, Jiri"]
[Black "Skypala, Ondrej"]
[Result "1/2-1/2"]
[TimeControl "3 mim. + 2 s"]
[WhiteTitle "FM"]
[BlackFideId "366285"]
[WhiteElo "2241"]
[BlackElo "1976"]

1. e4 e6 2. d4 d5 3. Nc3 Nf6 4. e5 Nfd7 5. f4 c5 6. Nf3 Nc6 7. Ne2 b5 8. c3 a5 9. dxc5 Bxc5 10. Ned4 Nxd4 11. Nxd4 b4 12. Bb5 bxc3 13. bxc3 O-O 14.
Be3 Qb6 15. a4 f6 16. exf6 Nxf6 17. O-O Ne4 18. Qd3 Ba6 19. Rab1 Bxb5 20. Rxb5 Qd6 21. Rb7 Rab8 22. Rfb1 Rxb7 23. Rxb7 Rb8 24. Rxb8+ Qxb8 25. h3 Qb2 26. Qa6 Bxd4 27.
Qxe6+ Kf8 28. Qc8+ Ke7 29. Qc7+ Ke6 30. Bxd4 Qc1+ 31. Kh2 Nd2 32. Qe5+ Kd7 33. Qxd5+ Kc8 34. Qc6+ Kd8 35. Bb6+ Ke7 36. Bc5+ Kd8 37. Qd6+ Kc8 38. Qf8+ Kb7 39. Qe7+ Kc8 40. Qe6+ Kc7 41. Qe5+ Kc8 42. Kg3 Qxc3+ 43. Kg4 Qxe5 44. fxe5 Kd7 45. Kf5 g6+ 46. Kf6 Ne4+ 47. Kg7 Nxc5 48. Kxh7 g5 49. Kg6 Nxa4 50. Kxg5 Nc5 51. h4 a4 52. h5 Ne6+ 53. Kf6 a3 54.
h6 Nf8 55. Kf7 a2 56. h7 Nxh7 57. e6+ Kd6 58. e7 a1=Q 59. e8=Q Qf6+ 60. Kg8 Ng5 61. Qf8+ 1/2-1/2

[Event "MČR v bleskovém šachu družstev 2019"]
[Site "Teplice, Czech Republic"]
[Date "2019.09.14"]
[Round "15.22"]
[White "Kucera, Tomas"]
[Black "Vltavsky, Vladimir"]
[Result "1/2-1/2"]
[TimeControl "3 mim. + 2 s"]
[WhiteFideId "311065"]
[WhiteElo "2014"]
[BlackElo "2252"]

1. e4 c5 2. Nf3 e6 3. Nc3 Nc6 4. g3 Nf6 5. Bg2 d6 6. O-O Be7 7. d4 cxd4 8. Nxd4 Bd7 9. Ndb5 Qb8 10. Bf4 e5 11. Bg5 a6 12. Na3 b5 13. Bxf6 Bxf6 14. Nd5 Bd8 15. c3 O-O 16.
Nc2 Ra7 17. Nce3 Ne7 18. Nxe7+ Bxe7 19. Nd5 Bg5 20.
Qd3 f5 21. h4 Bd8 22. exf5 Bxf5 23. Qe3 Raf7 24. Nb4 Bb6 25. Qd2 Be6 26. Nd5 Qa7 27. Nxb6 Qxb6 28. Qe3 Qxe3 29. fxe3 Rxf1+ 30. Rxf1 Rxf1+ 31. Kxf1 d5 32. a3 Kf7 33. Ke2 Ke7 34. e4 Kd6 35.
exd5 Bxd5 36. Bxd5 Kxd5 37. Kd3 h5 38. b3 a5 39. Ke3 a4 40. bxa4 bxa4 41. Kd3 g6 42. Ke3 Kc4 43. Ke4 Kxc3 44. Kxe5 Kb3 45. Kf6 Kxa3 46. Kxg6 Kb4 47. Kxh5 a3 48. g4 a2 49. g5 a1=Q 50. g6 Qf6 51. Kh6 Qxh4+ 52. Kg7 Qe7+ 53. Kg8 Qe8+ 54. Kh7 Qe7+ 55. g7 Qxg7+ 56. Kxg7 1/2-1/2

[Event "MČR v bleskovém šachu družstev 2019"]
[Site "Teplice, Czech Republic"]
[Date "2019.09.14"]
[Round "15.23"]
[White "Marsalek, Zdenek"]
[Black "Plasil, Petr"]
[Result "1-0"]
[TimeControl "3 mim. + 2 s"]
[BlackFideId "359360"]
[WhiteElo "2272"]
[BlackElo "1950"]

1. d4 Nf6 2. Nf3 g6 3.
g3 Bg7 4. Bg2 O-O 5. O-O d5 6. c4 c5 7. cxd5 cxd4 8. Nxd4 Nxd5 9. Nc3 Nb6 10. Ndb5 Na6 11. Bf4 e5 12. Be3 Nc4 13. Bxa7 Qxd1 14.
Raxd1 Nxb2 15. Rb1 Nc4 16. Rfd1 Na3 17. Rb3 Nxb5 18. Nxb5 Be6 19. Rb2 e4 20. Rc2 f5 21. f3 Nb4 22.
Rc7 Nxa2 23. fxe4 Nc3 24. Rxg7+ Kxg7 25. Bd4+ Kg8 26. Bxc3 Ra2 27. exf5 Rxf5 28. Nd4 Re5 29. Nxe6 1-0

[Event "MČR v bleskovém šachu družstev 2019"]
[Site "Teplice, Czech Republic"]
[Date "2019.09.14"]
[Round "15.24"]
[White "Ruzicka, Filip"]
[Black "Duran, Tomas"]
[Result "0-1"]
[TimeControl "3 mim. + 2 s"]
[WhiteFideId "386154"]
[WhiteElo "1798"]
[BlackElo "2135"]

1. b3 d6 2. Bb2 e5 3. c4 Nf6 4. g3 c6 5. Bg2 g6 6. e3 Bg7 7. d4 e4 8. Nd2 d5 9. Ne2 O-O 10.
O-O a5 11. Nc3 Bg4 12. Qc2 Qd7 13.
a3 Na6 14. Na4 Qe7 15. cxd5 cxd5 16. Rfc1 Rac8 17. Qb1 b5 18. Nc3 Qd7 19. Qa2 Rc7 20. Rc2 Rfc8 21. Rac1 b4 22. axb4 Nxb4 23. Qxa5 Nxc2 24. Rxc2 Bh3 25. Rc1 Bxg2 26. Kxg2 Ra7 27. Qb4 Bf8 28. Qb6 Rc6 29. Qb8 Rb7 30. Qa8 Kg7 31. Ra1 Rc8 32. Qa2 Bb4 33. Ndb1 Rcc7 34. Na4 Rc2 35. Na3 Bxa3 36.
Qxa3 Qf5 37. Rf1 Qf3+ 38. Kg1 Ng4 39. Nc5 Nxe3 40. Nxb7 Qg2# 0-1

[Event "MČR v bleskovém šachu družstev 2019"]
[Site "Teplice, Czech Republic"]
[Date "2019.09.14"]
[Round "15.25"]
[White "Dvorak, Jan"]
[Black "Vojta, Tomas"]
[Result "0-1"]
[TimeControl "3 mim. + 2 s"]
[BlackTitle "FM"]
[WhiteFideId "314870"]
[BlackFideId "308781"]
[WhiteElo "2229"]
[BlackElo "2353"]

1. d4 d5 2. c4 Nc6 3. Nf3 Bg4 4. Nc3 e6 5. e3 Nf6 6. Be2 dxc4 7. Qa4 Nd5 8.
Qxc4 Nb6 9. Qb3 a6 10. O-O Bd6 11. Ne4 O-O 12. Nc5 Rb8 13. Rd1 Qe7 14. Ne4 e5 15. Nxd6 Qxd6 16. d5 Ne7 17. e4 Ng6 18. Bd2 Rfe8 19.
Bb4 Qf6 20. Rac1 Nf4 21. Bf1 Nh3+ 22. gxh3 Bxf3 23. Bg2 Bxg2 24. Kxg2 Qg6+ 25. Kf1 Qxe4 26. Rxc7 Qh1+ 27. Ke2 Qe4+ 28. Kf1 Rbc8 29. Rxc8 Rxc8 30. Kg1 Nc4 31. d6 Rd8 32. d7 Nb6 33. Ba5 Qg6+ 34. Kf1 Rxd7 35. Rxd7 Nxd7 36. Qxb7 Qd3+ 37.
Kg1 g6 38. Qc8+ Kg7 39. Bc3 Qd6 40. Qc4 Nf6 41. Kg2 Nd5 42. Qd3 Nf4+ 0-1

[Event "MČR v bleskovém šachu družstev 2019"]
[Site "Teplice, Czech Republic"]
[Date "2019.09.14"]
[Round "15.26"]
[White "Zeman, Matyas"]
[Black "Kopta, Pavel"]
[Result "1-0"]
[TimeControl "3 mim. + 2 s"]
[BlackTitle "FM"]
[WhiteFideId "364398"]
[BlackFideId "309109"]
[WhiteElo "2094"]
[BlackElo "2234"]

1. e4 c5 2. Nf3 d6 3. Nc3 Nc6 4. d4 cxd4 5. Nxd4 g6 6. Be2 Bg7 7. Be3 Nf6 8. Nb3 Be6 9. O-O O-O 10.
f4 Rc8 11. Bf3 Qd7 12. Nd5 Rfd8 13.
c3 b6 14. h3 Bxd5 15. exd5 Na5 16. Nxa5 bxa5 17. Bd4 Qb7 18. Qd2 a4 19. Rab1 Qb5 20. b3 Rc7 21. c4 Qa6 22. Rfe1 Rb8 23. h4 h5 24. f5 axb3 25.
axb3 Qa3 26. fxg6 fxg6 27. Qd3 Kf7 28. Rf1 a5 29. Be4 a4 30. Bxg6+ Kg8 31. Bxf6 exf6 32. bxa4 Rxb1 33. Qxa3 1-0

[Event "MČR v bleskovém šachu družstev 2019"]
[Site "Teplice, Czech Republic"]
[Date "2019.09.14"]
[Round "15.27"]
[White "Chmel, Kristian"]
[Black "Svanda, Ondrej"]
[Result "0-1"]
[TimeControl "3 mim. + 2 s"]
[BlackTitle "FM"]
[WhiteFideId "344281"]
[BlackFideId "359670"]
[WhiteElo "2097"]
[BlackElo "1924"]

1. e4 c5 2. Nf3 d6 3. d4 cxd4 4.
Nxd4 Nf6 5. Nc3 a6 6. Be3 e6 7. g3 Be7 8. Bg2 O-O 9. O-O Qc7 10. Nb3 Nc6 11.
f4 Bd7 12. g4 Na5 13. Nxa5 Qxa5 14. g5 Ne8 15. Rf3 g6 16. Rh3 Ng7 17. Qg4 f6 18. Bd4 fxg5 19. Bxg7 Kxg7 20. fxg5 Qxg5 21. Qe2 Rf4 22. Rg3 Qc5+ 23. Kh1 Raf8 24. Rd1 Rf2 25.
Qd3 Bc6 26. a3 Qe5 27. Rg1 Bb5 28. Qd1 Bc6 29. Qd3 Bb5 30.
Nxb5 Qxb5 31. c4 Qxb2 32. Rb1 Qd2 33. Qxd2 Rxd2 34. h4 Rb8 35. c5 Bxh4 36. Rh3 Be7 37. c6 b5 38. e5 d5 39. Rc3 Rc8 40. c7 d4 41. Rc6 Re2 42. Rbc1 Rxe5 43. Rb6 Rf5 44. Rb8 Rff8 45. Rb6 Bd8 46. Bb7 Rxc7 47. Rxc7+ Bxc7 48. Rxe6 Rf7 49. Bxa6 d3 50. Bxb5 d2 51. Be2 Rf1+ 52. Kg2 d1=Q 53. Bxd1 Rxd1 54. Re7+ Kf6 55. Rxc7 h5 56. a4 Ra1 57. Rc6+ Kg5 58. Rc5+ Kh6 59. Rc4 Ra3 60. Kf2 g5 61. Rc6+ Kg7 62. Rc5 Kg6 63. Rc6+ Kf5 64. Rc5+ Kg4 65. a5 Kh4 66. Kg2 Ra2+ 67. Kg1 g4 68. Rb5 Ra4 69. Rc5 Ra1+ 70.
Kg2 Ra2+ 71. Kg1 Kg3 72. Rc3+ Kf4 73.
Rc4+ Kf3 74. Rc3+ Kf4 75. Rc4+ Kg5 76. Rc5+ Kh4 77. Rb5 Ra3 78. Rc5 Kg3 79. Rc1 Rxa5 80. Rc3+ Kh4 81. Kg2 Ra2+ 82. Kg1 g3 83. Rc4+ Kh3 84. Rc1 Rg2+ 85. Kh1 Rb2 86.
Kg1 h4 87. Rd1 Ra2 88. Rc1 Ra3 89. Rd1 Kg4 90. Rd4+ Kf3 91. Rd3+ Rxd3 0-1